 Dungeon Sprint DCSS version 0.25-a0-38-g099c3e1 (webtiles) character file.

Game seed: 10760577124275799612, levelgen mode: deterministic

272742 schets the Force of Nature (level 27, -2/249 HPs)
             Began as a Demonspawn Monk on Oct 20, 2019.
             Was the Champion of Fedhas.
             Killed from afar by a hellion (18 damage)
             ... with damnation
             ... in the Dungeon (Sprint VI: "Thunderdome") on Oct 21, 2019.
             The game lasted 01:05:38 (7118 turns).

schets the Force of Nature (Demonspawn Monk)        Turns: 7118, Time: 01:05:39

Health: -2/249     AC: 38    Str: 31    XL:     27
Magic:  43/46      EV: 26    Int: 16    God:    Fedhas [******]
Gold:   13878      SH: 29    Dex: 20    Spells: 64/64 levels left

rFire    + + .     SeeInvis .     - Unarmed
rCold    + + .     Gourm    .   w - +0 large shield "Vaocs" {rCorr}
rNeg     + + .     Faith    .   B - +12 gold dragon scales
rPois    +         Spirit   .   (helmet unavailable)
rElec    +         Reflect  .   F - scarf {repulsion}
rCorr    +         Harm     .   (gloves unavailable)
MR       +++..     NoTele   +   (boots unavailable)
Stlth    ..........             q - amulet "Jaum" {RegenMP *Drain rN+ Dex+3}
HPRegen  0.51/turn              G - ring of Oleuf {rElec rC+}
MPRegen  0.55/turn              r - ring "Qofeekh" {rF+ Str+7 Int+3 Slay+3}

@: repel missiles
A: claws 3, hooves 3, horns 3, demonic guardian 3, magic resistance 1, mutation
resistance 1, negative energy resistance 1, spiny 3, 50% torment resistance,
strong 1, wild magic 1, no potion heal 1, black mark
}: 9/15 runes: serpentine, slimy, silver, golden, iron, obsidian, fiery,
gossamer, mossy
a: Wall of Briars, Grow Ballistomycete, Overgrow, Grow Oklob, Renounce Religion


You were in the Dungeon.
You worshipped Fedhas.
Fedhas was exalted by your worship.
You were full.

You visited 1 branch You collected 38820 gold pieces.
You spent 24942 gold pieces at shops.

Inventory:

Armour
 u - the +2 cloak of the Distant Future {Dex+4}
   (You bought it in a shop in the Dungeon)

   It affects your dexterity (+4).
 w - the +0 large shield "Vaocs" (worn) {rCorr}
   (You bought it in a shop in the Dungeon)

   It provides partial protection from all sources of acid and corrosion.
 B - +12 gold dragon scales (worn)
 F - a scarf of repulsion (worn)
Magical Staves
 y - an uncursed staff of poison
Jewellery
 c - the amulet "Ceptoy Lecvi" {+Rage rF++ rN+ MR+++ Slay-5}
   (You found it in the Dungeon)

   [amulet of rage]

   It affects your accuracy and damage with ranged weapons and melee attacks
   (-5).
   It greatly protects you from fire.
   It protects you from negative energy.
   It affects your resistance to hostile enchantments.
   It lets you go berserk.
 o - the amulet of Pyote {RegenMP *Corrode rPois rN+ Dex+7}
   (You bought it in a shop in the Dungeon)

   [amulet of magic regeneration]

   It increases your magic regeneration.
   It affects your dexterity (+7).
   It protects you from poison.
   It protects you from negative energy.
   It may corrode you when you take damage.
 p - the ring "Kiruvimu" {MP+9 Stlth+}
   (You bought it in a shop in the Dungeon)

   [ring of stealth]

   It affects your magic capacity (+9).
   It makes you more stealthy.
 q - the amulet "Jaum" (around neck) {RegenMP *Drain rN+ Dex+3}
   (You bought it in a shop in the Dungeon)

   [amulet of magic regeneration]

   It increases your magic regeneration.
   It affects your dexterity (+3).
   It protects you from negative energy.
   It causes draining when unequipped.
 r - the ring "Qofeekh" (right claw) {rF+ Str+7 Int+3 Slay+3}
   (You bought it in a shop in the Dungeon)

   [ring of protection from fire]

   It affects your strength (+7).
   It affects your intelligence (+3).
   It affects your accuracy and damage with ranged weapons and melee attacks
   (+3).
   It protects you from fire.
 C - the ring of Ysehocip {rC++ rN+ SInv Stlth-}
   (You bought it in a shop in the Dungeon)

   [ring of attention]

   It greatly protects you from cold.
   It protects you from negative energy.
   It lets you see invisible.
   It makes you less stealthy.
 G - the ring of Oleuf (left claw) {rElec rC+}
   (You bought it in a shop in the Dungeon)

   [ring of protection from cold]

   It protects you from cold.
   It insulates you from electricity.
 H - the ring "Qucofaho" {*Slow rC++ rN+ Str+3}
   (You bought it in a shop in the Dungeon)

   [ring of positive energy]

   It affects your strength (+3).
   It greatly protects you from cold.
   It protects you from negative energy.
   It may slow you when you take damage.
 Q - an uncursed ring of resist corrosion {unknown}
Wands
 i - a wand of acid (2)
 j - a wand of iceblast (6)
 m - a wand of clouds (1)
Scrolls
 a - 5 scrolls of amnesia
 h - 20 scrolls of blinking
 k - 26 scrolls of fog
 s - 29 scrolls of remove curse
 t - 4 scrolls of enchant armour
 E - 6 scrolls of silence
 M - 6 scrolls of identify
Potions
 d - 21 potions of heal wounds
 e - 28 potions of haste
 f - 25 potions of magic
 g - 21 potions of berserk rage
 l - 25 potions of resistance
 n - 7 potions of mutation
 v - 12 potions of brilliance
 z - 2 potions of lignification
 D - 15 potions of curing
 J - 12 potions of might
 K - 12 potions of agility
 L - a potion of flight
Miscellaneous
 x - a sack of spiders
 I - a quad damage
 N - a quad damage
 O - a quad damage
Comestibles
 b - 26 rations


   Skills:
 O Level 27 Fighting
 O Level 27 Armour
 O Level 27 Dodging
 - Level 1.7 Stealth
 O Level 27 Shields
 O Level 27 Unarmed Combat
 + Level 19.2 Spellcasting
   Level 3.9 Ice Magic
 O Level 27 Invocations
 + Level 26.8 Evocations


You had 64 spell levels left.
You didn't know any spells.
Your spell library was empty.

Dungeon Overview and Level Annotations

Branches:
Dungeon (1/1)

Altars:
Cheibriados
Dithmenos
Fedhas
Gozag
Kikubaaqudgha
Makhleb
Okawaru
Qazlal
Ru
Sif Muna
Trog
Uskayaw
Vehumet
Wu Jian
Xom
Yredelemnul
Zin
The Shining One
Beogh
Jiyva
Lugonu

Shops:
D [??*?*:[((


Innate Abilities, Weirdness & Mutations

You have claws for hands.
You have hooves in place of feet.
You have a pair of large horns on your head.
A powerful demonic guardian rushes to your aid.
You resist negative energy. (rN+)
You are completely covered in sharp spines.
You are somewhat able to resist unholy torments (1 in 2 success).
Your melee attacks may debilitate your foes.
You are resistant to hostile enchantments. (MR+)
You are somewhat resistant to further mutation.
Your muscles are strong. (Str +2)
Your spells are a little harder to cast, but a little more powerful.
Potions are less effective at restoring your health.


Message History

The damnation engulfs your oklob plant!!
The damnation engulfs your ballistomycete!!
The damnation engulfs you!!!
* * * LOW HITPOINT WARNING * * *
The Brimstone Fiend calls on the powers of darkness!
The fire giant convulses!
Your body is wracked with pain!
* * * LOW HITPOINT WARNING * * *
Your oklob plant spits acid at the Brimstone Fiend.
The splash of acid hits the Brimstone Fiend.
The Brimstone Fiend is splashed with acid.
An orb of fire comes into view.
Your oklob plant spits acid at the Brimstone Fiend.
The splash of acid hits the Brimstone Fiend!
The Brimstone Fiend is splashed with acid.
As you read the scroll of fog, it crumbles to dust.
The scroll dissolves into smoke.
The hellion gestures at you.
The sphere of damnation explodes!
The damnation engulfs you!!
You die...
Fedhas appreciates your contribution to the ecosystem.

###∩...[.[[.8(#
#.8[.....(.∩###
##∩.__.=*)..###)....._._∩##
######28(.((([.[(8.######
#§[[(.()1((([[#
###C.((((P(.### #_[.((1)(_#
#_.(P()†(_# #_(§2P[(._#
#∩§§@§§(.∩# ##∩§§§(.∩##
##[[[[[## ##[1⌠## #####


You could see an orb of fire, 3 Brimstone Fiends, a fire giant, a hellion, a
friendly balrug, 2 friendly oklob plants and a friendly ballistomycete.

Vanquished Creatures
  Dissolution (D)
  Cerebov (D)
  Khufu (D)
  Asmodeus (D)
  6 seraphim (D)
  Dispater (D)
  An orb of fire (D)
  6 ancient liches (D)
  3 golden dragons (D)
  4 profane servitors (D)
  A Brimstone Fiend (D)
  2 liches (D)
  An Ice Fiend (D)
  5 Orb Guardians (D)
  3 titans (D)
  15 deep elf master archers (D)
  An acid blob (D)
  A titan (shapeshifter) (D)
  A shadow dragon (D)
  2 revenants (D)
  12 nagarajas (D)
  A balrug (D)
  5 ghost moths (D)
  6 emperor scorpions (D)
  A curse skull (D)
  A reaper (D)
  4 vampire knights (D)
  2 stone giants (D)
  2 white draconians (D)
  2 eidola (D)
  4 ettins (D)
  A deep elf death mage (D)
  Josephine (D)
  4 vault guards (D)
  13 catoblepae (D)
  A death knight (D)
  An anaconda (D)
  A two-headed ogre (D)
  A shadow wraith (D)
  A flayed ghost (D)
  2 deep trolls (D)
  A cherub (D)
  A death drake (D)
  A phantasmal warrior (D)
  3 harpies (D)
  2 orb spiders (D)
  4 moths of wrath (D)
  16 shining eyes (D)
  2 rust devils (D)
  6 guardian serpents (D)
  A torpor snail (D)
  A tormentor (D)
  2 ice devils (D)
  7 polar bears (D)
  2 trolls (D)
  2 wraiths (D)
  Sigmund (D)
  2 redbacks (D)
  10 hungry ghosts (D)
  A neqoxec (D)
  3 water moccasins (D)
  2 floating eyes (D)
  2 centaurs (D)
  5 ogres (D)
  2 earth elementals (D)
  6 jellies (D)
  3 iron imps (D)
  Jessica (D)
  Terence (D)
  2 adders (D)
  2 adder zombies (D)
  A worm (D)
  A bat (D)
  A bat zombie (D)
  2 giant cockroaches (D)
  A ball python (D)
  A frilled lizard (D)
  A quokka skeleton (D)
  67 ballistomycete spores (D)
292 creatures vanquished.

Vanquished Creatures (collateral kills)
  Mennas (D)
  Tiamat (D)
  3 ancient liches (D)
  2 orbs of fire (D)
  A shard shrike (shapeshifter) (D)
  Agnes (D)
  2 golden dragons (D)
  A caustic shrike (shapeshifter) (D)
  Arachne (D)
  2 profane servitors (D)
  2 electric golems (D)
  2 Brimstone Fiends (D)
  2 Ice Fiends (D)
  2 titans (D)
  13 deep elf master archers (D)
  5 Orb Guardians (D)
  A sphinx (shapeshifter) (D)
  A shadow dragon (D)
  A daeva (D)
  A storm dragon (D)
  A fire giant (D)
  7 nagarajas (D)
  A balrug (D)
  An emperor scorpion (D)
  A curse skull (D)
  A ghost moth (D)
  A reaper (D)
  A ghoul (D)
  An angel (D)
  Nessos (D)
  2 vampire knights (D)
  2 anacondas (D)
  3 blizzard demons (D)
  9 ettins (D)
  2 eidola (D)
  A green death (D)
  5 hydras (D)
  7 vault guards (D)
  9 catoblepae (D)
  2 two-headed ogres (D)
  An ogre mage (D)
  2 centaur warriors (D)
  A vampire mage (D)
  A spriggan berserker (D)
  An iron troll (D)
  A soul eater (D)
  2 death drakes (D)
  A spriggan druid (D)
  A deep troll (D)
  3 swamp dragons (D)
  5 harpies (D)
  12 orb spiders (D)
  A phantasmal warrior (D)
  9 shining eyes (D)
  3 moths of wrath (D)
  A guardian serpent (D)
  15 smoke demons (D)
  2 ice devils (D)
  17 tormentors (D)
  3 yaktaurs (D)
  A jumping spider (D)
  A polar bear (D)
  4 trolls (D)
  A ynoxinul (D)
  3 redbacks (D)
  A wraith (D)
  49 neqoxecs (D)
  6 hungry ghosts (D)
  4 floating eyes (D)
  An eye of draining (D)
  4 centaurs (D)
  A white imp (D)
  An adder zombie (D)
  A bat zombie (D)
  A giant cockroach zombie (D)
  A leopard gecko zombie (D)
  A quokka zombie (D)
  177 ballistomycete spores (D)
443 creatures vanquished.

Vanquished Creatures (others)
  22 oklob plants (D)
  9 ballistomycetes (D)
  A blizzard demon (D)
  An eidolon (D)
  A hydra (D)
  A jackal skeleton (D)
  23 ballistomycete spores (D)
  2 fire vortices (D)
60 creatures vanquished.

Grand Total: 795 creatures vanquished

Notes
Turn   | Place    | Note
-------+----------+-------------------------------------------
     0 | D        | schets the Demonspawn Monk began the quest for the Orb.
     0 | D        | Reached XP level 1. HP: 18/18 MP: 1/1
     1 | D        | Found a roughly hewn altar of Beogh.
     1 | D        | Found an opulent altar of Gozag.
     2 | D        | Found a shimmering blue altar of Sif Muna.
     2 | D        | Found a viscous altar of Jiyva.
     3 | D        | Found a blossoming altar of Fedhas.
     3 | D        | Found a hide-covered altar of Uskayaw.
     4 | D        | Found a radiant altar of Vehumet.
     4 | D        | Found a corrupted altar of Lugonu.
     4 | D        | Found Otiebiy's Premium Goods.
     4 | D        | Found Eshutatu's Weapon Rack.
     5 | D        | Round 1.
     6 | D        | Found Nofio's Identification Station.
     7 | D        | Found Duxoing's Advanced Armour.
     7 | D        | Found Unueq's Jewellery.
     7 | D        | Found a glowing silver altar of Zin.
     7 | D        | Found an ancient bone altar of Kikubaaqudgha.
     7 | D        | Found Tieps's Delicious Food.
    11 | D        | Found a snail-covered altar of Cheibriados.
    12 | D        | Found a basalt altar of Yredelemnul.
    13 | D        | Found a glowing golden altar of the Shining One.
    14 | D        | Found a burning altar of Makhleb.
    14 | D        | Found a shimmering altar of Xom.
    14 | D        | Found a shadowy altar of Dithmenos.
    14 | D        | Found Teusivvi's Magic Scroll Shop.
    14 | D        | Found Roosuesm's Staff Store.
    15 | D        | Found Ewaonesch's Magic Scroll Shop.
    15 | D        | Found Hoemur's Must-Have Magic.
    24 | D        | Found a stormy altar of Qazlal.
    25 | D        | Found a sacrificial altar of Ru.
    26 | D        | Found an iron altar of Okawaru.
    27 | D        | Found Yzifyd's Distillery.
    28 | D        | Found Noept's Distillery.
    28 | D        | Found Hemyhug's Bottled Wisdom.
    28 | D        | Found an ornate altar of the Wu Jian Council.
    28 | D        | Found a bloodstained altar of Trog.
    28 | D        | Found Buabuloe's Do-It-Yourself Clinic.
    36 | D        | Found Gelol's Basic Armour.
    36 | D        | Found Ythimmil's Miscellaneous Merchandise.
    45 | D        | Became a worshipper of Fedhas Madash
    45 | D        | Reached * piety under Fedhas
    45 | D        | Reached ** piety under Fedhas
    71 | D        | Noticed an ogre
    75 | D        | Noticed an ogre
    76 | D        | Killed an ogre
    76 | D        | Reached skill level 5 in Invocations
    76 | D        | Gained mutation: You have large cloven feet. [demonic
                  | ancestry]
    76 | D        | Reached XP level 2. HP: 25/25 MP: 1/5
    76 | D        | Gained mutation: You have sharp fingernails. [demonic
                  | ancestry]
    76 | D        | Reached XP level 3. HP: 30/30 MP: 1/7
    76 | D        | Gained mutation: You have a pair of small horns on your
                  | head. [demonic ancestry]
    76 | D        | Reached XP level 4. HP: 37/37 MP: 1/8
    84 | D        | Killed an ogre
    84 | D        | Reached XP level 5. HP: 42/43 MP: 1/10
    84 | D        | Reached *** piety under Fedhas
   108 | D        | Noticed Terence
   118 | D        | Killed Terence
   118 | D        | Arena points: 14 (+14) [x2]
   118 | D        | Reached skill level 5 in Fighting
   142 | D        | Round 2.
   145 | D        | Noticed a centaur
   147 | D        | Noticed Sigmund
   150 | D        | Noticed Jessica
   154 | D        | Killed Jessica
   156 | D        | Killed Sigmund
   156 | D        | Reached skill level 5 in Dodging
   156 | D        | Reached skill level 5 in Unarmed Combat
   156 | D        | Reached skill level 5 in Evocations
   156 | D        | Reached XP level 6. HP: 25/52 MP: 3/13
   158 | D        | Arena points: 56 (+42) [x3]
   158 | D        | Reached skill level 10 in Invocations
   211 | D        | Bought a steaming zirconium amulet for 45 gold pieces
   211 | D        | Bought a scorched copper ring for 45 gold pieces
   211 | D        | Bought a transparent brass amulet for 45 gold pieces
   211 | D        | Bought a crude ivory ring for 45 gold pieces
   211 | D        | Identified the amulet of Pyote {RegenMP *Corrode rPois rN+
                  | Dex+7} (You bought it in a shop in the Dungeon)
   213 | D        | Identified the amulet "Jaum" {RegenMP *Drain rN+ Dex+3}
                  | (You bought it in a shop in the Dungeon)
   214 | D        | Identified the ring "Kiruvimu" {MP+9 Stlth+} (You bought it
                  | in a shop in the Dungeon)
   215 | D        | Identified the ring "Qofeekh" {rF+ Str+7 Int+3 Slay+3} (You
                  | bought it in a shop in the Dungeon)
   225 | D        | Round 3.
   241 | D        | Reached **** piety under Fedhas
   276 | D        | Noticed a water moccasin
   286 | D        | Killed a water moccasin
   286 | D        | Reached skill level 5 in Armour
   286 | D        | Gained mutation: You are partially covered in sharp spines.
                  | [demonic ancestry]
   286 | D        | Reached XP level 7. HP: 23/59 MP: 14/14
   367 | D        | Arena points: 140 (+84) [x4]
   420 | D        | Round 4.
   446 | D        | Noticed a rust devil
   457 | D        | Killed a rust devil
   457 | D        | Reached XP level 8. HP: 45/67 MP: 17/17
   492 | D        | Reached ***** piety under Fedhas
   521 | D        | Arena points: 280 (+140) [x5]
   584 | D        | Round 5.
   588 | D        | Noticed a giant anaconda
   599 | D        | Killed a giant anaconda
   599 | D        | Arena points: 560 (+280) [x7]
   599 | D        | Gained mutation: You have very sharp fingernails. [demonic
                  | ancestry]
   599 | D        | Reached XP level 9. HP: 54/75 MP: 19/19
   600 | D        | Got a glittering silver amulet
   600 | D        | Got a serpentine rune of Zot
   607 | D        | Bought 3 scrolls of identify for 150 gold pieces
   607 | D        | Identified the amulet "Ceptoy Lecvi" {+Rage rF++ rN+ MR+++
                  | Slay-5} (You found it in the Dungeon)
   610 | D        | Bought a pair of jewelled boots for 332 gold pieces
   615 | D        | Identified the cursed +0 pair of boots of Xiakah {rElec
                  | rF+} (You bought it in a shop in the Dungeon)
   775 | D        | Round 6.
   784 | D        | Noticed a polar bear
   792 | D        | Killed a polar bear
   807 | D        | Noticed a polar bear
   817 | D        | Killed a polar bear
   839 | D        | Noticed a polar bear
   841 | D        | Noticed a polar bear
   846 | D        | Killed a polar bear
   856 | D        | Killed a polar bear
   856 | D        | Noticed a polar bear
   868 | D        | Killed a polar bear
   896 | D        | Noticed a polar bear
   899 | D        | Noticed a polar bear
   899 | D        | Noticed a polar bear
   908 | D        | Killed a polar bear
   908 | D        | Reached skill level 15 in Invocations
   911 | D        | Killed a polar bear
   912 | D        | Killed a polar bear
   912 | D        | Arena points: 992 (+432) [x8]
   963 | D        | Round 7.
   980 | D        | Noticed a two-headed ogre
   986 | D        | Killed a two-headed ogre
  1006 | D        | Noticed an ogre mage
  1033 | D        | Killed an ogre mage
  1033 | D        | Reached XP level 10. HP: 65/84 MP: 21/21
  1038 | D        | Noticed a two-headed ogre
  1050 | D        | Killed a two-headed ogre
  1050 | D        | Reached skill level 10 in Fighting
  1069 | D        | Noticed a two-headed ogre
  1075 | D        | Killed a two-headed ogre
  1095 | D        | Arena points: 1496 (+504) [x9]
  1111 | D        | Bought 4 potions of curing for 84 gold pieces
  1111 | D        | Bought 3 potions of heal wounds for 105 gold pieces
  1142 | D        | Bought an ichor-stained large shield for 332 gold pieces
  1142 | D        | Bought a jewelled hat for 315 gold pieces
  1147 | D        | Identified the cursed -4 hat of the Learner {rElec rF+}
                  | (You bought it in a shop in the Dungeon)
  1152 | D        | Identified the cursed +0 large shield "Vaocs" {rCorr} (You
                  | bought it in a shop in the Dungeon)
  1152 | D        | Round 8.
  1156 | D        | Noticed Nessos
  1161 | D        | Killed Nessos
  1182 | D        | Noticed a centaur warrior
  1182 | D        | Killed a centaur warrior
  1244 | D        | Noticed a centaur warrior
  1247 | D        | Killed a centaur warrior
  1247 | D        | Arena points: 2216 (+720) [x10]
  1247 | D        | Reached skill level 10 in Dodging
  1249 | D        | Reached skill level 10 in Unarmed Combat
  1249 | D        | Gained mutation: You are mostly covered in sharp spines.
                  | [demonic ancestry]
  1249 | D        | Reached XP level 11. HP: 16/92 MP: 23/23
  1288 | D        | Round 9.
  1352 | D        | Reached ****** piety under Fedhas
  1373 | D        | Noticed a shining eye
  1377 | D        | Gained mutation: Scrolls take you a little longer to read.
                  | [a shining eye]
  1396 | D        | Killed a shining eye
  1411 | D        | Arena points: 3305 (+1089) [x11]
  1421 | D        | Bought 15 scrolls of remove curse for 450 gold pieces
  1446 | D        | Bought an encrusted cloak for 332 gold pieces
  1451 | D        | Identified the +2 cloak of the Distant Future {Dex+4} (You
                  | bought it in a shop in the Dungeon)
  1471 | D        | Round 10.
  1472 | D        | Noticed Arachne
  1472 | D        | Noticed an emperor scorpion
  1480 | D        | Killed Arachne
  1480 | D        | Arena points: 4475 (+1170) [x13]
  1480 | D        | Reached skill level 10 in Armour
  1480 | D        | Reached XP level 12. HP: 90/100 MP: 21/25
  1481 | D        | Got a gossamer rune of Zot
  1482 | D        | Gained mutation: A weak demonic guardian rushes to your
                  | aid. [demonic ancestry]
  1482 | D        | Reached XP level 13. HP: 96/106 MP: 21/26
  1687 | D        | Round 11.
  1750 | D        | Reached skill level 5 in Shields
  1833 | D        | Arena points: 6323 (+1848) [x14]
  1843 | D        | Bought +0 gold dragon scales for 960 gold pieces
  1868 | D        | Round 12.
  1872 | D        | Gained mutation: Your body sometimes deteriorates upon
                  | taking damage. [a neqoxec]
  1877 | D        | Gained mutation: You are resistant to hostile enchantments.
                  | (MR+) [a neqoxec]
  1978 | D        | Arena points: 8123 (+1800) [x15]
  2042 | D        | Round 13.
  2061 | D        | Arena points: 10411 (+2288) [x16]
  2112 | D        | Round 14.
  2129 | D        | Noticed a revenant
  2136 | D        | Killed a revenant
  2164 | D        | Noticed Josephine
  2175 | D        | Killed Josephine
  2184 | D        | Noticed a vampire knight
  2184 | D        | Killed a vampire knight
  2205 | D        | Noticed an eidolon
  2215 | D        | Killed an eidolon
  2232 | D        | Noticed a vampire knight
  2236 | D        | Noticed a vampire knight
  2249 | D        | Killed a vampire knight
  2251 | D        | Killed a vampire knight
  2251 | D        | Arena points: 13029 (+2618) [x17]
  2297 | D        | Round 15.
  2329 | D        | Noticed Agnes
  2337 | D        | Killed Agnes
  2337 | D        | Arena points: 16164 (+3135) [x19]
  2340 | D        | Got a mossy rune of Zot
  2341 | D        | Reached XP level 14. HP: 118/118 MP: 28/28
  2398 | D        | Bought 3 potions of mutation for 168 gold pieces
  2398 | D        | Bought 2 potions of mutation for 112 gold pieces
  2398 | D        | Bought a potion of mutation for 56 gold pieces
  2408 | D        | Bought 2 potions of experience for 600 gold pieces
  2408 | D        | Bought a potion of experience for 300 gold pieces
  2408 | D        | Bought a potion of experience for 300 gold pieces
  2408 | D        | Gained mutation: You have a pair of horns on your head.
                  | [demonic ancestry]
  2408 | D        | Reached XP level 15. HP: 124/124 MP: 29/29
  2409 | D        | Gained mutation: You have hoof-like feet. [demonic
                  | ancestry]
  2409 | D        | Reached XP level 16. HP: 131/131 MP: 30/30
  2410 | D        | Reached skill level 10 in Shields
  2410 | D        | Gained mutation: You have claws for hands. [demonic
                  | ancestry]
  2410 | D        | Reached XP level 17. HP: 138/138 MP: 31/31
  2411 | D        | Gained mutation: You resist negative energy. (rN+) [demonic
                  | ancestry]
  2411 | D        | Reached XP level 18. HP: 145/145 MP: 32/32
  2439 | D        | Bought a pair of brightly glowing boots for 332 gold pieces
  2449 | D        | Identified the +1 pair of boots "Susaqukk" {rC+ MR+} (You
                  | bought it in a shop in the Dungeon)
  2455 | D        | Bought a flickering glass ring for 45 gold pieces
  2455 | D        | Bought a brightly glowing bronze ring for 45 gold pieces
  2455 | D        | Bought an ancient steel ring for 45 gold pieces
  2455 | D        | Bought a scintillating sapphire amulet for 45 gold pieces
  2455 | D        | Bought a warped silver ring for 45 gold pieces
  2455 | D        | Bought a clouded amber ring for 45 gold pieces
  2455 | D        | Bought a crude copper ring for 45 gold pieces
  2455 | D        | Bought a shimmering jade ring for 45 gold pieces
  2455 | D        | Bought a faintly glowing tin amulet for 45 gold pieces
  2455 | D        | Bought a faintly glowing graven amulet for 45 gold pieces
  2455 | D        | Bought a scorched wooden ring for 45 gold pieces
  2455 | D        | Bought a flickering pewter ring for 45 gold pieces
  2464 | D        | Bought 3 scrolls of identify for 150 gold pieces
  2464 | D        | Bought 3 scrolls of identify for 150 gold pieces
  2464 | D        | Bought 3 scrolls of identify for 150 gold pieces
  2466 | D        | Identified the ring "Enisetsu" {Str+3 Stlth+} (You bought
                  | it in a shop in the Dungeon)
  2468 | D        | Identified the ring of Ysehocip {rC++ rN+ SInv Stlth-} (You
                  | bought it in a shop in the Dungeon)
  2471 | D        | Identified the ring "Pabadutt" {rPois rF- rN+ Int+2 SInv}
                  | (You bought it in a shop in the Dungeon)
  2474 | D        | Identified the amulet "Xuhat" {Inacc +Fly rC+} (You bought
                  | it in a shop in the Dungeon)
  2477 | D        | Identified the amulet "Icva" {Acrobat MR+} (You bought it
                  | in a shop in the Dungeon)
  2479 | D        | Identified the amulet of Xiumotzoe {+Rage rPois} (You
                  | bought it in a shop in the Dungeon)
  2483 | D        | Identified the cursed ring "Ruvapuov" {Int+6 Dex-2} (You
                  | bought it in a shop in the Dungeon)
  2485 | D        | Identified the ring "Lore" {EV+2 Dex+4} (You bought it in a
                  | shop in the Dungeon)
  2487 | D        | Identified the ring of the Frog {rF- rC+ Str+4 Int+6} (You
                  | bought it in a shop in the Dungeon)
  2489 | D        | Identified the ring "Vidimog" {Int+2 Stlth+} (You bought it
                  | in a shop in the Dungeon)
  2492 | D        | Identified the ring of Oleuf {rElec rC+} (You bought it in
                  | a shop in the Dungeon)
  2526 | D        | Round 16.
  2636 | D        | Arena points: 20644 (+4480) [x20]
  2680 | D        | Bought 3 scrolls of identify for 150 gold pieces
  2682 | D        | Identified the ring "Qucofaho" {*Slow rC++ rN+ Str+3} (You
                  | bought it in a shop in the Dungeon)
  2703 | D        | Round 17.
  2741 | D        | Gained mutation: Your spells are a little easier to cast,
                  | but a little less powerful. [a neqoxec]
  2761 | D        | Gained mutation: You are dopey. (Int -2) [a neqoxec]
  2765 | D        | Lost mutation: Scrolls take you a little longer to read.
                  | [potion of mutation]
  2765 | D        | Lost mutation: You are dopey. (Int -2) [potion of mutation]
  2765 | D        | Lost mutation: Your body sometimes deteriorates upon taking
                  | damage. [potion of mutation]
  2765 | D        | Gained mutation: You have a pair of large horns on your
                  | head. [potion of mutation]
  2765 | D        | Gained mutation: You tend to lose your temper in combat.
                  | [potion of mutation]
  2765 | D        | Gained mutation: You have supernaturally acute eyesight.
                  | (SInv) [potion of mutation]
  2766 | D        | Lost mutation: You have supernaturally acute eyesight.
                  | (SInv) [potion of mutation]
  2766 | D        | Lost mutation: You tend to lose your temper in combat.
                  | [potion of mutation]
  2766 | D        | Gained mutation: You are somewhat resistant to further
                  | mutation. [potion of mutation]
  2766 | D        | Gained mutation: You are resistant to electric shocks.
                  | (rElec) [potion of mutation]
  2793 | D        | Arena points: 25999 (+5355) [x21]
  2876 | D        | Round 18.
  2983 | D        | Arena points: 32335 (+6336) [x22]
  3026 | D        | Bought 2 rations for 40 gold pieces
  3026 | D        | Bought 2 rations for 40 gold pieces
  3026 | D        | Bought 2 rations for 40 gold pieces
  3026 | D        | Bought 2 rations for 40 gold pieces
  3026 | D        | Bought 2 rations for 40 gold pieces
  3026 | D        | Bought 2 rations for 40 gold pieces
  3037 | D        | Bought 4 scrolls of enchant armour for 300 gold pieces
  3037 | D        | Bought 4 scrolls of enchant armour for 300 gold pieces
  3038 | D        | Bought 4 scrolls of enchant armour for 300 gold pieces
  3038 | D        | Bought 8 scrolls of enchant weapon for 600 gold pieces
  3038 | D        | Bought 3 scrolls of silence for 225 gold pieces
  3038 | D        | Bought 3 scrolls of fog for 60 gold pieces
  3038 | D        | Bought 3 scrolls of blinking for 225 gold pieces
  3045 | D        | Round 19.
  3152 | D        | Arena points: 40201 (+7866) [x23]
  3222 | D        | Round 20.
  3223 | D        | Noticed Mennas
  3233 | D        | Killed Mennas
  3233 | D        | Arena points: 46701 (+6500) [x25]
  3233 | D        | Reached skill level 15 in Fighting
  3234 | D        | Got a silver rune of Zot
  3257 | D        | Gained mutation: You are somewhat able to resist unholy
                  | torments (1 in 2 success). [demonic ancestry]
  3257 | D        | Reached XP level 19. HP: 121/155 MP: 33/33
  3276 | D        | Bought 3 potions of experience for 900 gold pieces
  3276 | D        | Bought 3 potions of experience for 900 gold pieces
  3277 | D        | Bought 3 potions of heal wounds for 105 gold pieces
  3277 | D        | Bought 3 potions of heal wounds for 105 gold pieces
  3277 | D        | Gained mutation: You have hooves in place of feet. [demonic
                  | ancestry]
  3277 | D        | Reached XP level 20. HP: 134/162 MP: 34/34
  3278 | D        | Mutation became permanent: You have a pair of horns on your
                  | head. [demonic ancestry]
  3278 | D        | Gained mutation: You have a pair of large horns on your
                  | head. [demonic ancestry]
  3278 | D        | Reached XP level 21. HP: 139/168 MP: 35/35
  3279 | D        | Gained mutation: Your melee attacks may debilitate your
                  | foes. [demonic ancestry]
  3279 | D        | Reached XP level 22. HP: 146/176 MP: 36/36
  3280 | D        | Gained mutation: A demonic guardian rushes to your aid.
                  | [demonic ancestry]
  3280 | D        | Reached XP level 23. HP: 151/182 MP: 36/38
  3281 | D        | Gained mutation: You are completely covered in sharp
                  | spines. [demonic ancestry]
  3281 | D        | Reached XP level 24. HP: 158/190 MP: 36/38
  3282 | D        | Reached XP level 25. HP: 164/196 MP: 37/38
  3445 | D        | Round 21.
  3463 | D        | Gained mutation: A powerful demonic guardian rushes to your
                  | aid. [demonic ancestry]
  3463 | D        | Reached XP level 26. HP: 187/202 MP: 37/38
  3464 | D        | Reached skill level 15 in Dodging
  3467 | D        | Arena points: 54345 (+7644) [x26]
  3529 | D        | Round 22.
  3545 | D        | Reached skill level 15 in Unarmed Combat
  3552 | D        | Noticed an ancient lich
  3559 | D        | Killed an ancient lich
  3559 | D        | Reached skill level 15 in Armour
  3641 | D        | Arena points: 64443 (+10098) [x27]
  3702 | D        | Round 23.
  3788 | D        | Bought 4 scrolls of blinking for 300 gold pieces
  3788 | D        | Bought 3 scrolls of blinking for 225 gold pieces
  3795 | D        | Arena points: 73459 (+9016) [x28]
  3870 | D        | Round 24.
  3873 | D        | Paralysed by a floating eye for 2 turns
  3880 | D        | Paralysed by a floating eye for 3 turns
  3889 | D        | Paralysed by a floating eye for 4 turns
  3901 | D        | Arena points: 85987 (+12528) [x29]
  3942 | D        | Round 25.
  3980 | D        | Noticed Dissolution
  3981 | D        | Paralysed by a floating eye for 2 turns
  3998 | D        | Killed Dissolution
  3998 | D        | Arena points: 96837 (+10850) [x31]
  3998 | D        | Reached skill level 15 in Shields
  4007 | D        | Got a slimy rune of Zot
  4008 | D        | Reached XP level 27. HP: 131/219 MP: 24/39
  4205 | D        | Round 26.
  4235 | D        | Arena points: 112645 (+15808) [x32]
  4285 | D        | Round 27.
  4292 | D        | Noticed an orb of fire
  4298 | D        | Killed an orb of fire
  4338 | D        | Identified the +4 dragonskin cloak
  4338 | D        | Noticed Tiamat
  4342 | D        | Killed Tiamat
  4342 | D        | Noticed an orb of fire
  4348 | D        | Killed an orb of fire
  4357 | D        | Reached skill level 27 in Invocations
  4385 | D        | Noticed an ancient lich
  4388 | D        | Killed an ancient lich
  4388 | D        | Arena points: 132247 (+19602) [x33]
  4563 | D        | Round 28.
  4682 | D        | Arena points: 156047 (+23800) [x34]
  4682 | D        | Reached skill level 10 in Evocations
  4700 | D        | Bought 4 potions of curing for 84 gold pieces
  4700 | D        | Bought 4 potions of curing for 84 gold pieces
  4700 | D        | Bought 4 potions of curing for 84 gold pieces
  4700 | D        | Bought 4 potions of curing for 84 gold pieces
  4700 | D        | Bought 3 potions of heal wounds for 105 gold pieces
  4700 | D        | Bought 3 potions of heal wounds for 105 gold pieces
  4700 | D        | Bought 3 potions of heal wounds for 105 gold pieces
  4700 | D        | Bought 3 potions of heal wounds for 105 gold pieces
  4700 | D        | Bought 3 potions of heal wounds for 105 gold pieces
  4700 | D        | Bought 3 potions of heal wounds for 105 gold pieces
  4700 | D        | Bought 3 potions of heal wounds for 105 gold pieces
  4700 | D        | Bought 3 potions of heal wounds for 105 gold pieces
  4700 | D        | Bought 3 potions of heal wounds for 105 gold pieces
  4747 | D        | Round 29.
  4755 | D        | Noticed a seraph
  4766 | D        | Killed a seraph
  4782 | D        | Noticed a seraph
  4792 | D        | Killed a seraph
  4795 | D        | Noticed a seraph
  4797 | D        | Noticed a seraph
  4805 | D        | Killed a seraph
  4806 | D        | Killed a seraph
  4844 | D        | Noticed a seraph
  4863 | D        | Killed a seraph
  4872 | D        | Noticed a seraph
  4877 | D        | Killed a seraph
  4884 | D        | Arena points: 172287 (+16240) [x35]
  4884 | D        | Reached skill level 15 in Evocations
  4953 | D        | Round 30.
  4970 | D        | Identified the +6 sword of Cerebov {flame}
  4970 | D        | Noticed Cerebov
  5007 | D        | Killed Cerebov
  5007 | D        | Arena points: 190047 (+17760) [x37]
  5008 | D        | Got a fiery rune of Zot
  5187 | D        | Round 31.
  5255 | D        | Gained mutation: Your magical capacity is low. (-10% MP) [a
                  | shining eye]
  5274 | D        | Gained mutation: Potions are less effective at restoring
                  | your health. [a shining eye]
  5274 | D        | Gained mutation: Armour fits poorly on your strangely
                  | shaped body. [a shining eye]
  5297 | D        | Gained mutation: Your body sometimes deteriorates upon
                  | taking damage. [a shining eye]
  5308 | D        | Gained mutation: Your magical capacity is very low. (-20%
                  | MP) [a shining eye]
  5311 | D        | Gained mutation: You occasionally shout uncontrollably at
                  | your foes. [a shining eye]
  5319 | D        | Gained mutation: You are clumsy. (Dex -2) [a shining eye]
  5320 | D        | Gained mutation: Scrolls take you a little longer to read.
                  | [a shining eye]
  5331 | D        | Arena points: 219497 (+29450) [x38]
  5352 | D        | Bought a potion of mutation for 56 gold pieces
  5352 | D        | Bought 3 potions of mutation for 168 gold pieces
  5352 | D        | Bought 2 potions of mutation for 112 gold pieces
  5352 | D        | Bought a potion of mutation for 56 gold pieces
  5352 | D        | Bought a potion of curing for 21 gold pieces
  5352 | D        | Bought 5 potions of berserk rage for 175 gold pieces
  5352 | D        | Bought 5 potions of berserk rage for 175 gold pieces
  5352 | D        | Bought 6 potions of magic for 336 gold pieces
  5352 | D        | Bought 6 potions of magic for 336 gold pieces
  5352 | D        | Bought 6 potions of resistance for 420 gold pieces
  5352 | D        | Bought 6 potions of resistance for 420 gold pieces
  5352 | D        | Bought 6 potions of brilliance for 168 gold pieces
  5352 | D        | Bought 6 potions of might for 168 gold pieces
  5352 | D        | Bought 6 potions of agility for 168 gold pieces
  5352 | D        | Bought 5 potions of haste for 350 gold pieces
  5352 | D        | Bought 4 potions of haste for 280 gold pieces
  5352 | D        | Bought 3 potions of haste for 210 gold pieces
  5354 | D        | Bought a potion of haste for 70 gold pieces
  5354 | D        | Bought a potion of flight for 21 gold pieces
  5354 | D        | Bought 5 potions of berserk rage for 175 gold pieces
  5354 | D        | Bought 5 potions of berserk rage for 175 gold pieces
  5354 | D        | Bought 6 potions of magic for 336 gold pieces
  5354 | D        | Bought 6 potions of magic for 336 gold pieces
  5354 | D        | Bought 6 potions of resistance for 420 gold pieces
  5354 | D        | Bought 6 potions of resistance for 420 gold pieces
  5354 | D        | Bought 6 potions of brilliance for 168 gold pieces
  5354 | D        | Bought 6 potions of might for 168 gold pieces
  5354 | D        | Bought 6 potions of agility for 168 gold pieces
  5354 | D        | Bought 5 potions of haste for 350 gold pieces
  5354 | D        | Bought 4 potions of haste for 280 gold pieces
  5354 | D        | Bought 3 potions of haste for 210 gold pieces
  5354 | D        | Lost mutation: You are clumsy. (Dex -2) [potion of
                  | mutation]
  5354 | D        | Lost mutation: Scrolls take you a little longer to read.
                  | [potion of mutation]
  5354 | D        | Lost mutation: Your spells are a little easier to cast, but
                  | a little less powerful. [potion of mutation]
  5355 | D        | Lost mutation: Your magical capacity is very low. (-20% MP)
                  | [potion of mutation]
  5356 | D        | Lost mutation: Your magical capacity is low. (-10% MP)
                  | [potion of mutation]
  5356 | D        | Lost mutation: You occasionally shout uncontrollably at
                  | your foes. [potion of mutation]
  5356 | D        | Lost mutation: You are resistant to electric shocks.
                  | (rElec) [potion of mutation]
  5357 | D        | Lost mutation: Your body sometimes deteriorates upon taking
                  | damage. [potion of mutation]
  5357 | D        | Lost mutation: Armour fits poorly on your strangely shaped
                  | body. [potion of mutation]
  5357 | D        | Gained mutation: Your spells are a little harder to cast,
                  | but a little more powerful. [potion of mutation]
  5357 | D        | Gained mutation: Your muscles are strong. (Str +2) [potion
                  | of mutation]
  5381 | D        | Round 32.
  5397 | D        | Bought a smoking tin amulet for 45 gold pieces
  5397 | D        | Identified the amulet of Ychubo Ufoe {Faith rF- Str+6
                  | Int+3} (You bought it in a shop in the Dungeon)
  5410 | D        | Bought 3 scrolls of identify for 150 gold pieces
  5410 | D        | Bought 3 scrolls of identify for 150 gold pieces
  5410 | D        | Bought 3 scrolls of identify for 150 gold pieces
  5411 | D        | Bought a faintly humming cloak for 332 gold pieces
  5411 | D        | Identified the +2 cloak of Fun {rPois Stlth+} (You bought
                  | it in a shop in the Dungeon)
  5445 | D        | Bought 3 scrolls of silence for 225 gold pieces
  5445 | D        | Bought 5 scrolls of fog for 100 gold pieces
  5445 | D        | Bought 4 scrolls of fog for 80 gold pieces
  5445 | D        | Bought 3 scrolls of fog for 60 gold pieces
  5445 | D        | Bought 5 scrolls of blinking for 375 gold pieces
  5447 | D        | Bought 5 scrolls of amnesia for 175 gold pieces
  5447 | D        | Bought 5 scrolls of fog for 100 gold pieces
  5447 | D        | Bought 4 scrolls of fog for 80 gold pieces
  5447 | D        | Bought 4 scrolls of blinking for 300 gold pieces
  5447 | D        | Bought 4 scrolls of enchant armour for 300 gold pieces
  5447 | D        | Bought 15 scrolls of remove curse for 450 gold pieces
  5492 | D        | Bought 5 potions of heal wounds for 500 gold pieces
  5492 | D        | Bought 5 potions of heal wounds for 500 gold pieces
  5492 | D        | Bought a quad damage for 400 gold pieces
  5492 | D        | Bought a quad damage for 400 gold pieces
  5492 | D        | Bought a quad damage for 400 gold pieces
  5546 | D        | Arena points: 220233 (+736) [x1]
  5561 | D        | Round 33.
  5569 | D        | Noticed Khufu
  5583 | D        | Killed Khufu
  5583 | D        | Arena points: 221916 (+1683) [x3]
  5586 | D        | Got a golden rune of Zot
  5780 | D        | Round 34.
  5834 | D        | Arena points: 224636 (+2720) [x4]
  5865 | D        | Round 35.
  5909 | D        | Reached skill level 1 in Spellcasting
  5985 | D        | Reached skill level 5 in Spellcasting
  6015 | D        | Arena points: 229711 (+5075) [x5]
  6052 | D        | Round 36.
  6053 | D        | Identified the +7 sceptre of Asmodeus
  6053 | D        | Noticed Asmodeus
  6082 | D        | Killed Asmodeus
  6082 | D        | Arena points: 234247 (+4536) [x7]
  6085 | D        | Got an obsidian rune of Zot
  6281 | D        | Round 37.
  6377 | D        | Arena points: 242535 (+8288) [x8]
  6441 | D        | Round 38.
  6500 | D        | Reached skill level 10 in Spellcasting
  6528 | D        | Reached skill level 27 in Fighting
  6562 | D        | Arena points: 252111 (+9576) [x9]
  6626 | D        | Round 39.
  6662 | D        | Identified the +4 staff of Dispater
  6662 | D        | Noticed Dispater
  6703 | D        | Killed Dispater
  6703 | D        | Arena points: 260262 (+8151) [x11]
  6708 | D        | Got an iron rune of Zot
  6709 | D        | Identified the +0 shield of Intuition {-Cast rElec rPois
                  | rC++} (You found it in the Dungeon)
  6840 | D        | Bought 2 rations for 40 gold pieces
  6840 | D        | Bought 2 rations for 40 gold pieces
  6840 | D        | Bought 2 rations for 40 gold pieces
  6840 | D        | Bought 2 rations for 40 gold pieces
  6840 | D        | Bought 2 rations for 40 gold pieces
  6840 | D        | Bought 2 rations for 40 gold pieces
  6840 | D        | Bought 2 rations for 40 gold pieces
  6840 | D        | Bought 2 rations for 40 gold pieces
  6840 | D        | Bought 2 rations for 40 gold pieces
  6840 | D        | Bought 2 rations for 40 gold pieces
  6840 | D        | Bought 2 rations for 40 gold pieces
  6920 | D        | Round 40.
  6927 | D        | Noticed an ancient lich
  6929 | D        | Noticed an ancient lich
  6939 | D        | Killed an ancient lich
  6941 | D        | Killed an ancient lich
  6944 | D        | Noticed an ancient lich
  6951 | D        | Killed an ancient lich
  6952 | D        | Noticed an ancient lich
  6956 | D        | Killed an ancient lich
  6966 | D        | Reached skill level 15 in Spellcasting
  6969 | D        | Noticed an ancient lich
  6971 | D        | Killed an ancient lich
  6978 | D        | Reached skill level 27 in Dodging
  6979 | D        | Reached skill level 27 in Unarmed Combat
  6992 | D        | Reached skill level 27 in Armour
  6997 | D        | Noticed an ancient lich
  6999 | D        | Killed an ancient lich
  7002 | D        | Killed an ancient lich
  7002 | D        | Reached skill level 27 in Shields
  7002 | D        | Arena points: 272742 (+12480) [x12]
  7064 | D        | Round 41.
  7097 | D        | Noticed an orb of fire
  7115 | D        | Killed an orb of fire
  7117 | D        | Noticed an orb of fire
  7118 | D        | Killed from afar by a hellion

Levels and vault maps discovered:
D:        arena_sprint

Skill      XL: |  1  2  3  4  5  6  7  8  9 10 11 12 13 14 15 16 17 18 19 20 21 22 23 24 25 26 27 |
---------------+----------------------------------------------------------------------------------+-----
Fighting       | 4 6 7 8 9 10 11 13 15 18 27 | 27.0
Armour         | 2 3 4 5 6 7 8 9 10 12 13 14 17 27 | 27.0
Dodging        | 4 5 6 7 9 10 12 14 17 27 | 27.0
Unarmed Combat | 3 4 5 6 7 9 10 12 14 17 27 | 27.0
Invocations    | 5 7 9 10 12 13 15 17 18 20 21 22 25 27 | 27.0
Evocations     | 2 3 5 6 7 26 | 26.8
Shields        | 4 9 10 11 12 15 27 | 27.0
Ice Magic      | 3 |  3.9
Spellcasting   | 19 | 19.2
Stealth        | |  1.7

Action                   |  1- 3 |  4- 6 |  7- 9 | 10-12 | 13-15 | 16-18 | 19-21 | 22-24 | 25-27 || total
-------------------------+-------+-------+-------+-------+-------+-------+-------+-------+-------++-------
Melee: Unarmed           |    12 |    13 |    39 |     9 |    39 |    28 |       |       |   253 ||   393
       Kick              |       |     5 |     5 |       |       |       |       |       |   130 ||   140
       Punch             |       |       |     4 |       |       |       |       |       |       ||     4
       Headbutt          |       |       |    10 |     2 |     9 |     9 |       |       |    93 ||   123
Invok: Grow Ballistomyce |       |     5 |     8 |     3 |     5 |     1 |       |       |    33 ||    55
       Grow Oklob        |       |       |     3 |     5 |    10 |    20 |       |       |    65 ||   103
       Wall of Briars    |       |       |       |     1 |       |       |       |       |       ||     1
Evoke: Wand              |     2 |     4 |       |       |       |       |       |       |    10 ||    16
  Use: Potion            |       |     2 |     1 |     4 |     4 |     5 |     3 |     3 |    41 ||    63
       Scroll            |       |       |     1 |     1 |     1 |    23 |       |       |     9 ||    35
 Stab: Confused          |       |       |     1 |       |     1 |       |       |       |     2 ||     4
       Distracted        |       |       |       |     1 |     1 |       |       |       |    10 ||    12
  Eat: Chunk             |       |       |     3 |     2 |     7 |     4 |       |       |    11 ||    27
       Ration            |       |       |       |       |       |     1 |       |       |     8 ||     9
Armor: Robe              |     2 |     2 |       |       |       |       |       |       |       ||     4
       Scale mail        |       |     2 |    15 |       |     1 |       |       |       |       ||    18
       Gold dragon scale |       |       |       |       |    10 |    10 |       |       |   139 ||   159
Dodge: Dodged            |     8 |     8 |    43 |     8 |    11 |     8 |       |       |    87 ||   173
       Deflected         |       |       |       |       |       |       |       |       |    20 ||    20
Block: Large shield      |       |       |       |    10 |    37 |    35 |       |       |   266 ||   348

Table legend:
 A = Non-vault XP
 B = Vault XP
 C = Vault XP percentage of total XP
 D = Non-vault monster count
 E = Vault monster count
 F = Vault count percentage of total count
                 A         B        C        D         E       F
            +---------+---------+-------+---------+---------+-------
      Total |  570675 |       0 |   0.0 |     494 |       0 |   0.0
            +---------+---------+-------+---------+---------+-------
          D |  570675 |       0 |   0.0 |     494 |       0 |   0.0
            +---------+---------+-------+---------+---------+-------
